[Event "ICC tourney 3043 (15 5)"]
[Site "Internet Chess Club"]
[Date "2022.10.30"]
[Round "2"]
[White "HU, DEREK:DerekHu-W"]
[Black "PENG YU, BILL:BillYu-W"]
[Result "0-1"]
[ICCResult "White forfeits on time"]
[WhiteElo "768"]
[BlackElo "488"]
[Opening "Scotch: Mieses variation"]
[ECO "C45"]
[NIC "SO.04"]
[Time "13:06:24"]
[PlyCount "98"]
[TimeControl "900+5"]

1. e4 e5 2. Nf3 Nc6 3. d4 exd4 4. Nxd4 Nf6 5. Nxc6 bxc6 6. e5 Nd5 7. c4 Nb6
8. b3 Bc5 9. Bb2 d5 10. exd6 cxd6 11. Bxg7 Rg8 12. Qe2+ Kd7 13. Bh6 Re8 14.
Be3 Kc7 15. Nc3 Bb4 16. Rc1 d5 17. cxd5 Qxd5 18. Qd2 Qxd2+ 19. Kxd2 Bf5 20.
Bf4+ Kb7 21. a3 Rad8+ 22. Bd3 Bxa3 23. Rce1 Bxd3 24. Rxe8 Rxe8 25. Kxd3 a5
26. Ra1 Bb2 27. Rxa5 Bxc3 28. Kxc3 Nd5+ 29. Kd4 Nxf4 30. Rf5 Ne6+ 31. Kd3
Rd8+ 32. Ke3 Rd7 33. Rh5 c5 34. Rxh7 Kc6 35. h4 Nd4 36. Kd3 Nxb3+ 37. Kc3
Na5 38. h5 c4 39. h6 Rd3+ 40. Kc2 Rd6 41. Rh8 Kc5 42. h7 Rh6 43. Rc8+ Kb4
44. h8=Q Rxh8 45. Rxh8 Nc6 46. Rh4 Ne5 47. Re4 Nd3 48. f4 Kc5 49. f5 Kd5
{White forfeits on time}
0-1

[Event "ICC tourney 3043 (15 5)"]
[Site "Internet Chess Club"]
[Date "2022.10.30"]
[Round "3"]
[White "TIAN, RENA:RenaTian-W"]
[Black "SUANYU LI, RYAN:RyanLi-W"]
[Result "0-1"]
[ICCResult "White checkmated"]
[WhiteElo "151"]
[BlackElo "286"]
[Opening "Giuoco Piano: four knights variation"]
[ECO "C47"]
[NIC "RG.01"]
[Time "14:00:29"]
[PlyCount "26"]
[TimeControl "900+5"]

1. e4 e5 2. Nf3 Nf6 3. Nc3 Nc6 4. Bc4 Bc5 5. h3 O-O 6. O-O Qe7 7. d3 Bd6 8.
Be3 Ne8 9. a3 Nd4 10. Nxd4 exd4 11. Bxd4 c5 12. Be3 Qe5 13. Na4 Qh2#
{White checkmated}
0-1

[Event "ICC tourney 3043 (15 5)"]
[Site "Internet Chess Club"]
[Date "2022.10.30"]
[Round "3"]
[White "SHOU, ADRIAN:AdrianShou-W"]
[Black "XING LIU, BRANDON:BrandonLiu-W"]
[Result "0-1"]
[ICCResult "White checkmated"]
[WhiteElo "641"]
[BlackElo "970"]
[Opening "French defense"]
[ECO "C00"]
[NIC "FR.01"]
[Time "14:00:11"]
[PlyCount "50"]
[TimeControl "900+5"]

1. e4 e6 2. Nf3 d5 3. exd5 exd5 4. Qe2+ Be6 5. Nc3 Nf6 6. d4 Bd6 7. Ng5 O-O
8. Nxe6 fxe6 9. Qxe6+ Kh8 10. Bd3 Re8 11. Qxe8+ Qxe8+ 12. Ne2 c6 13. O-O
Nbd7 14. h3 Qh5 15. Nf4 Bxf4 16. Bxf4 Re8 17. Rfe1 Rxe1+ 18. Rxe1 Kg8 19.
Be2 Qf7 20. Rc1 Ne4 21. c4 Qxf4 22. cxd5 Qxc1+ 23. Kh2 Qf4+ 24. g3 Qxf2+ 25.
Kh1 Nxg3# {White checkmated} 0-1

[Event "ICC tourney 3043 (15 5)"]
[Site "Internet Chess Club"]
[Date "2022.10.30"]
[Round "3"]
[White "PENG YU, BILL:BillYu-W"]
[Black "TIAN, ZIPENG:ZipengTian-W"]
[Result "0-1"]
[ICCResult "White checkmated"]
[WhiteElo "488"]
[BlackElo "765"]
[Opening "Scandinavian (center counter) defense"]
[ECO "B01"]
[NIC "VO.17"]
[Time "14:00:24"]
[PlyCount "28"]
[TimeControl "900+5"]

1. e4 d5 2. d3 dxe4 3. dxe4 Qxd1+ 4. Kxd1 Nf6 5. Nc3 Nc6 6. Bf4 e5 7. Bg5
Be7 8. Kd2 Be6 9. Rd1 O-O-O+ 10. Kc1 Rxd1+ 11. Kxd1 Nb4 12. Nf3 Rd8+ 13. Ke1
Nxc2+ 14. Ke2 Bc4# {White checkmated} 0-1

[Event "ICC tourney 3043 (15 5)"]
[Site "Internet Chess Club"]
[Date "2022.10.30"]
[Round "3"]
[White "ZHIJIA HUANG, ALAN:AlanHuang-W"]
[Black "ZHANG, ALINA:AlinaZhang-W"]
[Result "1-0"]
[ICCResult "Black checkmated"]
[WhiteElo "591"]
[BlackElo "269"]
[Opening "Giuoco Piano: four knights variation"]
[ECO "C55"]
[NIC "IG.01"]
[Time "14:00:28"]
[PlyCount "33"]
[TimeControl "900+5"]

1. e4 e5 2. Nf3 Nc6 3. Bc4 Nf6 4. Nc3 Bc5 5. O-O d6 6. h3 Bb6 7. d3 O-O 8.
Bg5 h6 9. Bh4 Be6 10. Bb3 Bxb3 11. axb3 Nd4 12. Nd5 Nxf3+ 13. Qxf3 Qd7 14.
Nxf6+ gxf6 15. Qg3+ Kh8 16. Bxf6+ Kh7 17. Qg7# {Black checkmated} 1-0

[Event "ICC tourney 3043 (15 5)"]
[Site "Internet Chess Club"]
[Date "2022.10.30"]
[Round "3"]
[White "FAN, MICHAEL:MichaelFan-W"]
[Black "SHAO, LUCAS:LucasShao-W"]
[Result "0-1"]
[ICCResult "White checkmated"]
[WhiteElo "225"]
[BlackElo "645"]
[Opening "Giuoco Pianissimo: Canal variation"]
[ECO "C47"]
[NIC "KP.06"]
[Time "14:00:27"]
[PlyCount "48"]
[TimeControl "900+5"]

1. e4 e5 2. Nf3 Nc6 3. Nc3 Nf6 4. Bc4 Bc5 5. d3 d6 6. Bg5 Bg4 7. Nd5 Nd4 8.
Nxf6+ gxf6 9. Bh6 Qe7 10. Qd2 Bxf3 11. gxf3 Nxf3+ 12. Ke2 Nxd2 13. Kxd2 Bxf2
14. Rhf1 Bh4 15. Rg1 Bg5+ 16. Bxg5 fxg5 17. h3 f6 18. Kc3 O-O-O 19. d4 exd4+
20. Kxd4 c5+ 21. Kd3 Rhe8 22. Bb5 Qxe4+ 23. Kc3 Qd4+ 24. Kb3 Qb4#
{White checkmated}
0-1

[Event "ICC tourney 3043 (15 5)"]
[Site "Internet Chess Club"]
[Date "2022.10.30"]
[Round "3"]
[White "CHEUNG,SHARON:SharonCheung-W"]
[Black "LI, FLORA:FloraLi-W"]
[Result "1-0"]
[ICCResult "Black checkmated"]
[WhiteElo "801"]
[BlackElo "193"]
[Opening "Giuoco Piano"]
[ECO "C54"]
[NIC "IG.02"]
[Time "14:00:23"]
[PlyCount "45"]
[TimeControl "900+5"]

1. e4 e5 2. Nf3 Nc6 3. Bc4 Bc5 4. c3 Nf6 5. d4 exd4 6. cxd4 Bb6 7. e5 Ne4 8.
Bd5 Nxd4 9. Nxd4 Bxd4 10. Qxd4 c6 11. Bxe4 O-O 12. O-O h6 13. Nc3 Re8 14.
Re1 Re6 15. Bf5 Re7 16. Qg4 d6 17. Bxh6 g6 18. Bxc8 Rxc8 19. Bg5 f5 20. exf6
Rxe1+ 21. Rxe1 Qa5 22. Qxc8+ Kh7 23. Re7# {Black checkmated} 1-0

[Event "ICC tourney 3043 (15 5)"]
[Site "Internet Chess Club"]
[Date "2022.10.30"]
[Round "3"]
[White "ZHOU, JERRY:JerryZhou-W"]
[Black "YOUJIA CHEN, ROY:RoyChen-W"]
[Result "0-1"]
[ICCResult "White checkmated"]
[WhiteElo "211"]
[BlackElo "628"]
[Opening "Ruy Lopez: old Steinitz defense"]
[ECO "C62"]
[NIC "RL.02"]
[Time "14:00:27"]
[PlyCount "80"]
[TimeControl "900+5"]

1. e4 e5 2. Nf3 Nc6 3. Bb5 d6 4. Bxc6+ bxc6 5. Nc3 g6 6. d3 Bg7 7. Bg5 Nf6
8. O-O Bg4 9. h3 Be6 10. Ne2 O-O 11. d4 Qd7 12. dxe5 dxe5 13. Nxe5 Qxd1 14.
Raxd1 Nxe4 15. Nd7 Bxd7 16. Rxd7 Nxg5 17. Rxc7 Bxb2 18. Rxc6 Bg7 19. Rd1
Rac8 20. Nd4 Bxd4 21. Rxc8 Bxf2+ 22. Kxf2 Rxc8 23. Rd7 Rxc2+ 24. Kg3 Rxa2
25. Rxa7 Rxa7 26. h4 Ne6 27. Kg4 f5+ 28. Kf3 g5 29. hxg5 Nxg5+ 30. Kg3 Ne4+
31. Kf4 Rf7 32. g3 Nxg3 33. Kxg3 f4+ 34. Kf3 h5 35. Kg2 h4 36. Kh3 f3 37.
Kxh4 f2 38. Kg5 f1=Q 39. Kg6 Qf5+ 40. Kh6 Rh7# {White checkmated} 0-1

[Event "ICC tourney 3043 (15 5)"]
[Site "Internet Chess Club"]
[Date "2022.10.30"]
[Round "3"]
[White "HU, DARREN:DarrenHu-W"]
[Black "LIU, CLARK:ClarkLiu-W"]
[Result "0-1"]
[ICCResult "White checkmated"]
[WhiteElo "118"]
[BlackElo "222"]
[Opening "Two knights defense"]
[ECO "C57"]
[NIC "KP.01"]
[Time "14:00:30"]
[PlyCount "64"]
[TimeControl "900+5"]

1. e4 e5 2. Nf3 Nc6 3. Bc4 Nf6 4. Ng5 d5 5. Bxd5 Nxd5 6. exd5 Qxg5 7. dxc6
bxc6 8. O-O Bh3 9. Qf3 Bxg2 10. Qxg2 Qxg2+ 11. Kxg2 Bc5 12. f3 O-O 13. c3
Rfe8 14. d4 exd4 15. cxd4 Bxd4 16. Bg5 Re2+ 17. Kh3 Bxb2 18. Nc3 Re3 19.
Rad1 Bxc3 20. Rd7 Rb8 21. Be7 h6 22. Rg1 Rxf3+ 23. Kh4 Rb4+ 24. Kh5 Rf5+ 25.
Bg5 Bf6 26. a3 Rc4 27. Rxc7 Rcc5 28. Rxa7 Bxg5 29. Kg4 Rf4+ 30. Kh3 Rc3+ 31.
Rg3 Rc2 32. a4 Rh4# {White checkmated} 0-1

[Event "ICC tourney 3043 (15 5)"]
[Site "Internet Chess Club"]
[Date "2022.10.30"]
[Round "3"]
[White "YATSHING LIN, JAMES:JamesLin-W"]
[Black "ZHEN JR, DANIEL:DanielZhen-W"]
[Result "1-0"]
[ICCResult "Black checkmated"]
[WhiteElo "849"]
[BlackElo "470"]
[Opening "Queen's pawn, Mason variation"]
[ECO "D00"]
[NIC "QP.08"]
[Time "14:00:25"]
[PlyCount "53"]
[TimeControl "900+5"]

1. d4 d5 2. Bf4 Nf6 3. e3 c6 4. Nf3 Bf5 5. Bd3 Bxd3 6. cxd3 e6 7. O-O b6 8.
Nc3 c5 9. dxc5 bxc5 10. Rc1 d4 11. exd4 cxd4 12. Nb5 Bb4 13. Nc7+ Ke7 14.
Nxa8 Qa5 15. a3 Bd6 16. Bxd6+ Kxd6 17. Nxd4 Nc6 18. Nb3 Qg5 19. Qc2 Rc8 20.
Na5 Qh5 21. Nxc6 Ng4 22. h3 Nf6 23. b4 Qg6 24. b5 Nd5 25. Qc5+ Kd7 26. Rfd1
Nf4 27. Qe7# {Black checkmated} 1-0

[Event "ICC tourney 3043 (15 5)"]
[Site "Internet Chess Club"]
[Date "2022.10.30"]
[Round "3"]
[White "PAN,JUNXI:JunxiPan-W"]
[Black "XU JIA, BYRON:ByronJia-W"]
[Result "1-0"]
[ICCResult "Black checkmated"]
[WhiteElo "490"]
[BlackElo "949"]
[Opening "Vienna game"]
[ECO "C28"]
[NIC "VG.02"]
[Time "14:00:24"]
[PlyCount "67"]
[TimeControl "900+5"]

1. e4 e5 2. Nc3 Nf6 3. Bc4 Nc6 4. d3 Be7 5. f4 exf4 6. Bxf4 d6 7. Nf3 Be6 8.
Bxe6 fxe6 9. O-O e5 10. Bg5 O-O 11. Qe1 Nd4 12. Bxf6 Bxf6 13. Nd5 Nxc2 14.
Nxf6+ Qxf6 15. Qd2 Nxa1 16. Rxa1 h6 17. Rf1 b6 18. Qc3 Rac8 19. h3 a5 20. b4
axb4 21. Qxb4 Qe7 22. a4 Ra8 23. Qb3+ Qf7 24. Qb5 Qf6 25. Qc6 Qf7 26. Nd2
Qe8 27. Qxc7 Rxf1+ 28. Nxf1 Rxa4 29. Qxb6 Rd4 30. Qb3+ Kh7 31. Ng3 g5 32.
Nf5 Qa4 33. Qf7+ Kh8 34. Qg7# {Black checkmated} 1-0

[Event "ICC tourney 3043 (15 5)"]
[Site "Internet Chess Club"]
[Date "2022.10.30"]
[Round "3"]
[White "SHANGYUAN TAO, SAM:SamTao-W"]
[Black "IYER, NITIKA:NitikaIyer-W"]
[Result "0-1"]
[ICCResult "White resigns"]
[WhiteElo "501"]
[BlackElo "787"]
[Opening "Scotch game"]
[ECO "C45"]
[NIC "SO.04"]
[Time "14:00:24"]
[PlyCount "52"]
[TimeControl "900+5"]

1. e4 e5 2. Nf3 Nc6 3. d4 exd4 4. Nxd4 Nxd4 5. Qxd4 Nf6 6. e5 Qe7 7. Be3 Ng8
8. Bd3 d6 9. exd6 Qxd6 10. Qxd6 Bxd6 11. O-O Be6 12. Nc3 Nf6 13. Bg5 Be5 14.
f4 Bd4+ 15. Kh1 O-O-O 16. f5 Bd7 17. Rab1 h6 18. Bh4 g5 19. fxg6 Ng4 20.
Bxd8 Kxd8 21. gxf7 Rf8 22. Bf5 Nf2+ 23. Kg1 Bxf5 24. h3 Rxf7 25. Ne2 Bb6 26.
Rbd1+ Nxd1+ {White resigns} 0-1

[Event "ICC tourney 3043 (15 5)"]
[Site "Internet Chess Club"]
[Date "2022.10.30"]
[Round "3"]
[White "MAR, MAXIMUS:MaximusMar-W"]
[Black "ZIJIAN SU, OWEN:OwenSu-W"]
[Result "1-0"]
[ICCResult "Black resigns"]
[WhiteElo "859"]
[BlackElo "496"]
[Opening "Giuoco Pianissimo"]
[ECO "C55"]
[NIC "IG.01"]
[Time "14:00:23"]
[PlyCount "63"]
[TimeControl "900+5"]

1. e4 e5 2. Nf3 Nc6 3. Bc4 Nf6 4. d3 Bc5 5. O-O h6 6. Be3 Bb6 7. Nc3 d6 8.
Re1 O-O 9. h3 Be6 10. Bb3 Re8 11. Bxb6 cxb6 12. d4 exd4 13. Nxd4 Bxb3 14.
axb3 Nb4 15. Nf5 d5 16. e5 Rc8 17. Na2 Nc6 18. exf6 Rxe1+ 19. Qxe1 Qxf6 20.
Ne3 Re8 21. Qd2 Qxb2 22. Qc1 Qd4 23. c3 Qd3 24. Qd1 Qg6 25. Nb4 Nxb4 26.
cxb4 a6 27. Nxd5 Rd8 28. Ne7+ Kf8 29. Nxg6+ fxg6 30. Qxd8+ Kf7 31. Qxb6 Kg8
32. Qxg6 {Black resigns} 1-0

[Event "ICC tourney 3043 (15 5)"]
[Site "Internet Chess Club"]
[Date "2022.10.30"]
[Round "3"]
[White "XING LIU, CLARA:ClaraLiu-W"]
[Black "TIAN, RICHARD:RichardTian-W"]
[Result "1-0"]
[ICCResult "Black checkmated"]
[WhiteElo "279"]
[BlackElo "138"]
[Opening "Four knights: Spanish, classical defense"]
[ECO "C46"]
[NIC "KP.06"]
[Time "14:00:29"]
[PlyCount "73"]
[TimeControl "900+5"]

1. e4 e5 2. Nf3 Nc6 3. Nc3 Bc5 4. Bb5 Nf6 5. Bxc6 bxc6 6. Nxe5 d6 7. Nxc6
Qd7 8. Na5 d5 9. exd5 Nxd5 10. Nxd5 Qxd5 11. O-O Bd6 12. b4 Qb5 13. c3 Bf5
14. Qf3 c6 15. d3 Bxd3 16. Bf4 Bxf4 17. Qxf4 Bxf1 18. Rxf1 O-O 19. Qg3 h6
20. h3 Rfe8 21. Nb3 Qa4 22. Nc5 Qxa2 23. Nd7 Qb3 24. Nf6+ Kf8 25. Nd7+ Ke7
26. Qg4 Qxc3 27. Nc5 Kd6 28. Qd7+ Ke5 29. Qxc6 Qxb4 30. Nd3+ Kd4 31. Nxb4 a5
32. Rd1+ Ke5 33. Qd5+ Kf6 34. Qd6+ Kf5 35. g4+ Kg5 36. Rd5+ Kh4 37. Qg3#
{Black checkmated}
1-0

[Event "ICC tourney 3043 (15 5)"]
[Site "Internet Chess Club"]
[Date "2022.10.30"]
[Round "3"]
[White "YANG, NINA:NinaYang-W"]
[Black "TIANYU SONG, RICHARD:RichardSong-W"]
[Result "0-1"]
[ICCResult "White checkmated"]
[WhiteElo "121"]
[BlackElo "264"]
[Opening "Scandinavian (center counter) defense"]
[ECO "B01"]
[NIC "SD.02"]
[Time "14:01:03"]
[PlyCount "62"]
[TimeControl "900+5"]

1. e4 d5 2. exd5 Qxd5 3. Nc3 Qe5+ 4. Be2 Bg4 5. f3 Bf5 6. f4 Qe6 7. d3 Qd6
8. Ne4 Bxe4 9. dxe4 Qg6 10. Bb5+ c6 11. Ba4 Qxg2 12. Qd5 Qxh1 13. Be3 b5 14.
Qd4 bxa4 15. Qxa4 e6 16. f5 exf5 17. exf5 Be7 18. Bxa7 Nd7 19. O-O-O Nb6 20.
Qb4 Bxb4 21. Rd4 Qxg1+ 22. Rd1 Qc5 23. Bxb6 Qxb6 24. Re1+ Bxe1 25. a4 Qf2
26. a5 Rxa5 27. b4 Ra6 28. b5 cxb5 29. c3 Qe2 30. Kb1 Bxc3 31. h4 Ra1#
{White checkmated}
0-1

[Event "ICC tourney 3043 (15 5)"]
[Site "Internet Chess Club"]
[Date "2022.10.30"]
[Round "3"]
[White "HE, ELSA:ElsaHe-W"]
[Black "SHOU, WYATT:WyattShou-W"]
[Result "1-0"]
[ICCResult "Black resigns"]
[WhiteElo "103"]
[BlackElo "203"]
[Opening "Four knights: Ranken variation"]
[ECO "C48"]
[NIC "KP.03"]
[Time "14:00:19"]
[PlyCount "71"]
[TimeControl "900+5"]

1. e4 e5 2. Nf3 Nc6 3. Nc3 Nf6 4. Bb5 a6 5. Bxc6 dxc6 6. Nxe5 Bb4 7. d3
Bxc3+ 8. bxc3 Bg4 9. Qd2 O-O 10. O-O h6 11. h3 Bd7 12. Nxd7 Nxd7 13. Ba3 Re8
14. Rfe1 c5 15. Rab1 b6 16. Re3 Nf6 17. Rb3 a5 18. Re2 Rb8 19. c4 c6 20. c3
b5 21. cxb5 cxb5 22. Bxc5 a4 23. Rb4 Qc7 24. d4 Nxe4 25. Qd3 Nxf2 26. Qc4
Rxe2 27. Qd5 Re1+ 28. Kxf2 Qf4+ 29. Kxe1 Re8+ 30. Kd1 Qf1+ 31. Kc2 Re2+ 32.
Kd3 Rxa2+ 33. Ke4 Re2+ 34. Kd3 Re3+ 35. Kxe3 Qxg2 36. Qxg2 {Black resigns}
1-0

[Event "ICC tourney 3043 (15 5)"]
[Site "Internet Chess Club"]
[Date "2022.10.30"]
[Round "3"]
[White "YOUZHUO, RAYMOND:Raymondshi-W"]
[Black "WU, MARCUS:MarcusWu-W"]
[Result "1-0"]
[ICCResult "Black checkmated"]
[WhiteElo "872"]
[BlackElo "510"]
[Opening "Giuoco Pianissimo"]
[ECO "C50"]
[NIC "IG.02"]
[Time "14:00:17"]
[PlyCount "59"]
[TimeControl "900+5"]

1. e4 e5 2. Nf3 Nc6 3. Bc4 Bc5 4. d3 h6 5. Nc3 Nf6 6. O-O d6 7. h3 Na5 8.
Bd5 c6 9. Bb3 Nxb3 10. a3 Nxa1 11. b4 Bb6 12. Bb2 Nxc2 13. Qxc2 O-O 14. Rd1
Bd7 15. a4 a5 16. b5 cxb5 17. axb5 Rc8 18. Ba3 Bxb5 19. Qb3 Bc6 20. Rb1 Bd4
21. Ne2 Re8 22. Nexd4 exd4 23. Nxd4 Re7 24. Nf5 Rec7 25. Bxd6 Rd7 26. e5 Bd5
27. Qb2 Nh5 28. g4 Nf4 29. e6 Rxd6 30. Qxg7# {Black checkmated} 1-0

[Event "ICC tourney 3043 (15 5)"]
[Site "Internet Chess Club"]
[Date "2022.10.30"]
[Round "3"]
[White "LI, BENNETT:BennettLi-W"]
[Black "XIE, RICKY:RickyXie-W"]
[Result "1-0"]
[ICCResult "Black resigns"]
[WhiteElo "757"]
[BlackElo "393"]
[Opening "Ruy Lopez: exchange, Keres variation"]
[ECO "C68"]
[NIC "RL.08"]
[Time "14:00:12"]
[PlyCount "71"]
[TimeControl "900+5"]

1. e4 e5 2. Nf3 Nc6 3. Bb5 a6 4. Bxc6 dxc6 5. Nc3 Bd6 6. h3 Nf6 7. d3 h6 8.
Be3 O-O 9. O-O b6 10. Qd2 Bb7 11. Ne2 Re8 12. c3 a5 13. Rfe1 c5 14. Rad1 Re6
15. d4 Bxe4 16. dxe5 Rxe5 17. Nxe5 Qe7 18. Nf3 Bxf3 19. gxf3 Rd8 20. Kg2 Qe5
21. Bf4 Qf5 22. Ng3 Qg6 23. Bxd6 cxd6 24. Qd3 Qg5 25. Qe3 Qg6 26. Qe7 Rd7
27. Qe3 Kf8 28. Kh2 Kg8 29. Ne4 Nd5 30. Rxd5 Qe6 31. Nf6+ Qxf6 32. Qe8+ Kh7
33. Qxd7 Qf4+ 34. Kg2 f5 35. Qxf5+ Qxf5 36. Rxf5 {Black resigns} 1-0

[Event "ICC tourney 3043 (15 5)"]
[Site "Internet Chess Club"]
[Date "2022.10.30"]
[Round "3"]
[White "ZHAO, JUSTIN:JustinZhao-W"]
[Black "AMY SONG, XINWEI:AmySong-W"]
[Result "0-1"]
[ICCResult "White resigns"]
[WhiteElo "808"]
[BlackElo "398"]
[Opening "Giuoco Pianissimo: Italian four knights variation"]
[ECO "C50"]
[NIC "IG.02"]
[Time "14:00:25"]
[PlyCount "118"]
[TimeControl "900+5"]

1. e4 e5 2. Nf3 Nc6 3. Bc4 Bc5 4. Nc3 Nf6 5. d3 h6 6. Be3 Bxe3 7. fxe3 O-O
8. O-O d6 9. h3 Be6 10. Bb3 Bxb3 11. axb3 a6 12. Nd5 Nxd5 13. exd5 Ne7 14.
e4 c6 15. dxc6 Nxc6 16. d4 exd4 17. Nxd4 Nxd4 18. Qxd4 Re8 19. Ra4 b5 20.
Rb4 Rb8 21. Qd5 Rf8 22. c4 bxc4 23. Rxb8 Qxb8 24. Qxc4 Qb5 25. Qxb5 axb5 26.
b4 Re8 27. Rf4 g6 28. h4 g5 29. hxg5 hxg5 30. Rf6 Rxe4 31. Rxd6 Rxb4 32.
Rd8+ Kg7 33. Rd2 f6 34. Kf2 Kg6 35. Ke3 f5 36. Kd3 f4 37. Kc3 Re4 38. Kd3
Kf5 39. Kc3 b4+ 40. Kc2 g4 41. Rf2 Rc4+ 42. Kb3 Re4 43. g3 Re3+ 44. Kxb4
Rxg3 45. Kc4 Ke4 46. Re2+ Re3 47. Rg2 g3 48. b4 Re1 49. b5 Rc1+ 50. Kb4 Rb1+
51. Kc4 Rc1+ 52. Kb4 Kd4 53. b6 Rb1+ 54. Ka5 Kc5 55. Ka6 Rxb6+ 56. Ka7 Rg6
57. Kb7 f3 58. Rg1 f2 59. Rf1 Kd4 {White resigns} 0-1

[Event "ICC tourney 3043 (15 5)"]
[Site "Internet Chess Club"]
[Date "2022.10.30"]
[Round "3"]
[White "KAIZHE HSIAO, LUCAS:LucasHsiao-W"]
[Black "CHONG, JACK:JackChong-W"]
[Result "0-1"]
[ICCResult "White checkmated"]
[WhiteElo "412"]
[BlackElo "803"]
[Opening "Three knights game"]
[ECO "C46"]
[NIC "KP.06"]
[Time "14:00:26"]
[PlyCount "82"]
[TimeControl "900+5"]

1. e4 e5 2. Nf3 Nc6 3. Nc3 Bc5 4. Bb5 d6 5. Bxc6+ bxc6 6. d4 exd4 7. Nxd4
Bd7 8. Be3 Nf6 9. Nf3 Bb6 10. Bxb6 cxb6 11. Qxd6 Be6 12. Qxd8+ Rxd8 13. e5
Nd7 14. O-O-O O-O 15. Rhe1 f6 16. exf6 Rxf6 17. a4 Bf5 18. b4 Rff8 19. b5 c5
20. h3 Nf6 21. Rxd8 Rxd8 22. g4 Bg6 23. Ne5 Be8 24. Nc6 Rd7 25. f3 h6 26. h4
Bf7 27. f4 Nxg4 28. Rg1 Ne3 29. Rg3 Nf5 30. Rh3 Bh5 31. Ne5 Rd4 32. Nc6 Rxf4
33. Nxa7 Rf1+ 34. Kb2 Nd6 35. a5 Nc4+ 36. Kb3 Nxa5+ 37. Ka4 Ra1+ 38. Na2
Rxa2+ 39. Ra3 Rxc2 40. Nc6 Rc4+ 41. Nb4 Rxb4# {White checkmated} 0-1

[Event "ICC tourney 3043 (15 5)"]
[Site "Internet Chess Club"]
[Date "2022.10.30"]
[Round "3"]
[White "SHANYUAN LI, SIMON:SimonLi-W"]
[Black "YATYUET LIN, HANNAH:HannahLin-W"]
[Result "1-0"]
[ICCResult "Black checkmated"]
[WhiteElo "622"]
[BlackElo "328"]
[Opening "Giuoco Pianissimo"]
[ECO "C55"]
[NIC "IG.01"]
[Time "14:00:27"]
[PlyCount "79"]
[TimeControl "900+5"]

1. e4 e5 2. Nf3 Nc6 3. Bc4 Nf6 4. d3 Bc5 5. Bg5 h6 6. Bh4 d6 7. h3 O-O 8.
Nc3 Re8 9. Nd5 Nxd5 10. Bxd8 Rxd8 11. Bxd5 Ne7 12. O-O Nxd5 13. exd5 Bf5 14.
c3 e4 15. dxe4 Bxe4 16. Nd4 Bxd4 17. Qxd4 Bf5 18. Rfe1 Re8 19. Rxe8+ Rxe8
20. Qd2 c6 21. dxc6 bxc6 22. Re1 Rd8 23. c4 c5 24. Re7 Bd7 25. Qxd6 Re8 26.
Qxd7 Rxe7 27. Qxe7 a6 28. Qxc5 f6 29. Qc8+ Kf7 30. Qxa6 Ke8 31. Qd6 Kf7 32.
c5 g5 33. c6 h5 34. c7 Ke8 35. c8=Q+ Kf7 36. Qdf8+ Kg6 37. Qc2+ f5 38. Qc6+
Kh7 39. Qf7+ Kh8 40. Qce8# {Black checkmated} 1-0

[Event "ICC tourney 3043 (15 5)"]
[Site "Internet Chess Club"]
[Date "2022.10.30"]
[Round "3"]
[White "ROSS, PHILIP:PhilipRoss-W"]
[Black "WENG, SAM:SamWeng-W"]
[Result "1-0"]
[ICCResult "Black resigns"]
[WhiteElo "876"]
[BlackElo "552"]
[Opening "King's pawn game"]
[ECO "C50"]
[NIC "IG.03"]
[Time "14:00:25"]
[PlyCount "45"]
[TimeControl "900+5"]

1. e4 e5 2. Nf3 Nc6 3. Bc4 h6 4. c3 d6 5. d4 Nf6 6. Qe2 Be6 7. d5 Bd7 8.
dxc6 Bxc6 9. Bb5 Bxb5 10. Qxb5+ c6 11. Qxb7 Qc8 12. Qxc8+ Rxc8 13. Be3 a5
14. O-O a4 15. Rd1 Ra8 16. c4 c5 17. Nc3 Be7 18. Nd5 Nxd5 19. Rxd5 O-O 20.
b3 axb3 21. Rd2 Rfb8 22. Rb2 Rf8 23. Rxb3 {Black resigns} 1-0

[Event "ICC tourney 3043 (15 5)"]
[Site "Internet Chess Club"]
[Date "2022.10.30"]
[Round "3"]
[White "SEN WANG, ETHAN:EthanWang-W"]
[Black "RUNNAN FAN, LYDIA:LydiaFan-W"]
[Result "1-0"]
[ICCResult "Black checkmated"]
[WhiteElo "317"]
[BlackElo "176"]
[Opening "King's pawn game"]
[ECO "C50"]
[NIC "IG.03"]
[Time "14:00:29"]
[PlyCount "71"]
[TimeControl "900+5"]

1. e4 e5 2. Nf3 Nc6 3. Bc4 Bb4 4. O-O Nf6 5. d3 d6 6. h3 Be6 7. Bxe6 fxe6 8.
Bd2 O-O 9. Bxb4 Nxb4 10. Nc3 a5 11. a3 Nxc2 12. Qxc2 Ra6 13. a4 c5 14. Rfe1
d5 15. exd5 exd5 16. Nxe5 Qe8 17. Ng4 Qf7 18. Nxf6+ Qxf6 19. Nxd5 Qd6 20.
Nc3 b5 21. Nxb5 Qc6 22. Qb3+ c4 23. dxc4 Qd6 24. Nxd6 Rxd6 25. c5+ Kh8 26.
cxd6 h5 27. d7 Rd8 28. Red1 g5 29. Qc3+ Kh7 30. Qf6 g4 31. hxg4 hxg4 32.
Qxd8 Kh6 33. Qh4+ Kg6 34. d8=Q g3 35. Rd6+ Kg7 36. Qhe7# {Black checkmated}
1-0

[Event "ICC tourney 3043 (15 5)"]
[Site "Internet Chess Club"]
[Date "2022.10.30"]
[Round "3"]
[White "GUO LI, EDWARD:EdwardLi-W"]
[Black "DENG, CHUTONG:ChutongDeng-W"]
[Result "1-0"]
[ICCResult "Black resigns"]
[WhiteElo "688"]
[BlackElo "383"]
[Opening "Four knights: Italian variation"]
[ECO "C55"]
[NIC "IG.01"]
[Time "14:00:20"]
[PlyCount "105"]
[TimeControl "900+5"]

1. e4 e5 2. Nf3 Nc6 3. Bc4 Nf6 4. Nc3 Bb4 5. d3 h6 6. O-O d6 7. h3 O-O 8.
Be3 Be6 9. Nd5 Nd4 10. Nxb4 Bxc4 11. dxc4 Nxe4 12. Nxd4 exd4 13. Qxd4 Re8
14. Rfe1 c5 15. Nc6 bxc6 16. Qd3 Nf6 17. Bf4 d5 18. cxd5 cxd5 19. c3 c4 20.
Qd4 Rb8 21. Bxb8 Rxe1+ 22. Rxe1 Qxb8 23. Qd2 h5 24. Qc2 g5 25. b3 cxb3 26.
axb3 g4 27. hxg4 Nxg4 28. f3 Qh2+ 29. Kf1 Qh1+ 30. Ke2 Qh2 31. Kd1 Nf6 32.
c4 d4 33. Re2 Qd6 34. Rd2 h4 35. Qd3 Qa3 36. Qxd4 Qxb3+ 37. Rc2 Qb1+ 38. Kd2
Qb4+ 39. Kd3 Qb3+ 40. Qc3 Qb1 41. Qxf6 Qf1+ 42. Kc3 Qa1+ 43. Rb2 Qc1+ 44.
Kb3 Qd1+ 45. Rc2 Qb1+ 46. Qb2 Qd1 47. Qc1 Qd3+ 48. Rc3 Qe2 49. Qg5+ Kf8 50.
Qh6+ Ke7 51. Re3+ Qxe3+ 52. Qxe3+ Kf8 53. Qxa7 {Black resigns} 1-0

[Event "ICC tourney 3043 (15 5)"]
[Site "Internet Chess Club"]
[Date "2022.10.30"]
[Round "3"]
[White "FAN, RAPHAEL:RaphaelFan-W"]
[Black "WANG, WILLIAM:WilliamWang-W"]
[Result "1-0"]
[ICCResult "Black checkmated"]
[WhiteElo "267"]
[BlackElo "131"]
[Opening "Three knights game"]
[ECO "C46"]
[NIC "KP.06"]
[Time "14:01:03"]
[PlyCount "101"]
[TimeControl "900+5"]

1. e4 e5 2. Nf3 Nc6 3. Nc3 Bc5 4. Nxe5 Nxe5 5. d4 Bxd4 6. Qxd4 Ng4 7. Bc4
N8f6 8. Bg5 h6 9. Bxf6 Nxf6 10. Nd5 Nxd5 11. Qxd5 O-O 12. O-O d6 13. Rad1
Qf6 14. h3 Qg6 15. Rd3 Be6 16. Qxb7 Rab8 17. Qxc7 Qxe4 18. Bxe6 Rbe8 19.
Bxf7+ Rxf7 20. Qxd6 Rf6 21. Qd5+ Kh7 22. Qxe4+ Rxe4 23. Rd7 Ra6 24. Rfd1
Rxa2 25. c3 Rxb2 26. Rxa7 Rxf2 27. Kxf2 Rf4+ 28. Kg3 Rf6 29. Rdd7 Rg6+ 30.
Kf4 Rxg2 31. Rxg7+ Rxg7 32. Rxg7+ Kxg7 33. c4 Kf7 34. c5 Ke7 35. Ke5 h5 36.
Kd5 Kd7 37. c6+ Kc7 38. h4 Kb8 39. Kd6 Kc8 40. c7 Kb7 41. Kd7 Kb6 42. c8=Q
Ka5 43. Qc5+ Ka6 44. Qxh5 Kb6 45. Qg5 Kb7 46. h5 Kb6 47. h6 Kb7 48. h7 Kb6
49. h8=Q Kb7 50. Qb5+ Ka7 51. Qa1# {Black checkmated} 1-0